[ AOE2 MATCH · #468131884 ]
UnrankedTurks vs Franks
Player's team · LOSS
[ REPLAY ANALYSIS · EXTRACTED FROM THE RECORDED GAME ]
Feudal
13:29
Castle
17:27
Imperial
—
| APM avg | 31.9 |
| APM peak | 67 |
| eAPM avg | 11.1 |
| Villagers / military | 55 / 74 |
Focus
⚔️ 35.3% · 🌾 64.7%
Janissary ×60 · Petard ×13 · Fishing Ship ×8 · Transport Ship ×1
Feudal
13:09
Castle
16:43
Imperial
33:53
| APM avg | 31.3 |
| APM peak | 62 |
| eAPM avg | 18.9 |
| Villagers / military | 158 / 206 |
Focus
⚔️ 36.0% · 🌾 64.0%
Knight ×143 · Scout Cavalry ×48 · Fishing Ship ×8 · Battering Ram ×8 · Trebuchet (Packed) ×5 · Monk ×1
Feudal
14:36
Castle
27:23
Imperial
—
| APM avg | 34.9 |
| APM peak | 100 |
| eAPM avg | 18.4 |
| Villagers / military | 98 / 12 |
Focus
⚔️ 20.3% · 🌾 79.7%
Archer ×12 · Fishing Ship ×12 · Unknown (1959) ×3
Feudal
—
Castle
—
Imperial
—
| APM avg | 26.1 |
| APM peak | 44 |
| eAPM avg | 15.4 |
| Villagers / military | 89 / 69 |
Focus
⚔️ 22.5% · 🌾 77.5%
Knight ×53 · Battering Ram ×10 · Fishing Ship ×9 · Scorpion ×6
Feudal
14:16
Castle
23:13
Imperial
41:11
| APM avg | 27.3 |
| APM peak | 49 |
| eAPM avg | 15.0 |
| Villagers / military | 88 / 87 |
Focus
⚔️ 43.3% · 🌾 56.7%
Organ Gun ×50 · Archer ×21 · Fishing Ship ×14 · Fire Galley ×9 · Monk ×6 · Trebuchet (Packed) ×1
Feudal
—
Castle
—
Imperial
—
| APM avg | 33.1 |
| APM peak | 76 |
| eAPM avg | 14.9 |
| Villagers / military | 90 / 54 |
Focus
⚔️ 23.9% · 🌾 76.1%
Plumed Archer ×52 · Fishing Ship ×8 · Monk ×1 · Trebuchet (Packed) ×1
Feudal
11:52
Castle
19:12
Imperial
31:07
| APM avg | 45.1 |
| APM peak | 77 |
| eAPM avg | 29.0 |
| Villagers / military | 138 / 11 |
Focus
⚔️ 35.3% · 🌾 64.7%
Unknown (1952) ×105 · Fishing Ship ×17 · Unknown (1949) ×17 · Unknown (2626) ×14 · Demolition Raft ×11 · Unknown (1942) ×6
Feudal
12:16
Castle
18:21
Imperial
33:35
| APM avg | 35.5 |
| APM peak | 57 |
| eAPM avg | 22.7 |
| Villagers / military | 135 / 16 |
Focus
⚔️ 27.8% · 🌾 72.2%
Unknown (2550) ×82 · Fishing Ship ×19 · Unknown (2626) ×13 · Mangonel ×9 · Battering Ram ×4 · Trebuchet (Packed) ×2
Match map
Initial resources + every placement click. Lines = walls · curves = elevation contours. ◆ gold · ⬟ stone · ● berries · ✦ relic · ◌ wall gap
Your base· Open — 11t gap
Antony's base· Open — 12t gap
Berbers Burgers's base· Open — 9t gap
CbaMaster6373's base· Open — 6t gap
diabolical materialism's base· Open — 3t gap
MinorCloud9519's base· Open — unwalled flank
holas pegolas may's base· Open — 3t gap
VNS__Pan's base· Open — 8t gap
Smoothed initial terrain · ◌ = detected wall gap · hover for details
Inputs per minute
— M57 - - Antony
Build order — M57
First 150 of 166 actions detected
| 0:12 | Build | Town Center |
| 0:32 | Build | House |
| 0:34 | Build | Dock |
| 2:38 | Create | Villager (Male) ×4 |
| 3:38 | Create | Fishing Ship |
| 4:14 | Create | Villager (Male) |
| 4:14 | Create | Villager (Male) |
| 4:43 | Build | House |
| 4:52 | Research | Loom |
| 5:15 | Create | Fishing Ship |
| 5:26 | Create | Villager (Male) |
| 5:26 | Create | Villager (Male) |
| 5:48 | Create | Villager (Male) |
| 5:48 | Create | Villager (Male) |
| 5:49 | Create | Villager (Male) |
| 6:00 | Create | Villager (Male) |
| 6:00 | Create | Villager (Male) |
| 6:28 | Create | Villager (Male) |
| 6:28 | Create | Villager (Male) |
| 6:28 | Create | Villager (Male) |
| 6:34 | Build | House |
| 7:07 | Create | Villager (Male) |
| 7:07 | Create | Villager (Male) |
| 7:10 | Create | Villager (Male) |
| 7:10 | Create | Villager (Male) |
| 7:19 | Create | Fishing Ship |
| 7:31 | Create | Villager (Male) |
| 7:44 | Build | House |
| 8:04 | Create | Fishing Ship |
| 8:31 | Create | Fishing Ship |
| 8:35 | Create | Villager (Male) |
| 8:47 | Create | Villager (Male) |
| 8:56 | Create | Villager (Male) |
| 9:00 | Create | Fishing Ship |
| 9:48 | Create | Villager (Male) |
| 10:09 | Create | Fishing Ship |
| 10:12 | Build | House |
| 10:16 | Build | House |
| 10:26 | Create | Villager (Male) |
| 10:36 | Build | Mill |
| 11:19 | Research | Feudal Age |
| 11:19 | Research | Feudal Age |
| 11:34 | Build | Mining Camp |
| 12:18 | Create | Fishing Ship |
| 12:50 | Create | Villager (Male) |
| 12:50 | Create | Villager (Male) |
| 13:29 | Age | Feudal Age |
| 13:30 | Build | Market |
| 14:15 | Build | Blacksmith |
| 14:47 | Research | Castle Age |
| 14:47 | Research | Castle Age |
| 14:48 | Research | Castle Age |
| 14:58 | Build | Mining Camp |
| 17:27 | Age | Castle Age |
| 17:30 | Build | Castle |
| 17:54 | Create | Villager (Male) |
| 17:54 | Create | Villager (Male) |
| 17:54 | Create | Villager (Male) |
| 18:06 | Research | Fletching |
| 18:29 | Build | Mining Camp |
| 18:31 | Create | Villager (Male) |
| 18:32 | Create | Villager (Male) |
| 18:51 | Create | Janissary |
| 18:51 | Create | Janissary |
| 18:51 | Create | Janissary |
| 19:24 | Create | Janissary |
| 19:24 | Create | Janissary |
| 20:24 | Create | Janissary |
| 20:24 | Create | Janissary |
| 20:24 | Create | Janissary |
| 20:24 | Create | Janissary |
| 21:07 | Build | Castle |
| 22:04 | Build | Mining Camp |
| 23:54 | Create | Janissary |
| 23:54 | Create | Janissary |
| 23:54 | Create | Janissary |
| 23:55 | Create | Janissary |
| 23:55 | Create | Janissary |
| 24:01 | Build | Farm |
| 24:02 | Build | Farm |
| 24:02 | Build | Farm |
| 24:02 | Build | Farm |
| 25:49 | Create | Villager (Male) |
| 25:49 | Create | Villager (Male) |
| 25:52 | Build | Farm |
| 26:23 | Build | Farm |
| 26:23 | Create | Villager (Male) |
| 26:24 | Create | Villager (Male) |
| 26:24 | Create | Villager (Male) |
| 26:46 | Create | Janissary |
| 26:46 | Create | Janissary |
| 26:46 | Create | Janissary |
| 26:53 | Create | Janissary |
| 26:54 | Create | Janissary |
| 26:54 | Create | Janissary |
| 27:20 | Create | Janissary |
| 27:20 | Create | Janissary |
| 27:20 | Create | Janissary |
| 27:32 | Build | Farm |
| 28:09 | Create | Janissary |
| 28:09 | Create | Janissary |
| 28:47 | Build | Castle |
| 29:14 | Create | Villager (Male) |
| 29:14 | Create | Villager (Male) |
| 29:15 | Create | Villager (Male) |
| 29:15 | Create | Villager (Male) |
| 30:11 | Build | Mining Camp |
| 30:20 | Create | Janissary |
| 30:21 | Create | Janissary |
| 30:21 | Create | Janissary |
| 31:09 | Create | Villager (Male) |
| 31:10 | Create | Villager (Male) |
| 31:10 | Create | Villager (Male) |
| 31:10 | Create | Villager (Male) |
| 31:10 | Create | Villager (Male) |
| 31:19 | Create | Janissary |
| 31:19 | Create | Janissary |
| 31:28 | Create | Petard |
| 31:28 | Create | Petard |
| 31:29 | Create | Petard |
| 31:42 | Create | Petard |
| 31:42 | Create | Petard |
| 32:05 | Create | Petard |
| 32:05 | Create | Petard |
| 32:05 | Create | Petard |
| 32:33 | Create | Petard |
| 32:34 | Create | Petard |
| 32:34 | Create | Petard |
| 33:17 | Create | Petard |
| 33:17 | Create | Petard |
| 33:34 | Create | Villager (Male) |
| 33:35 | Create | Villager (Male) |
| 34:18 | Build | Mining Camp |
| 34:19 | Create | Janissary |
| 34:20 | Create | Janissary |
| 34:57 | Build | Mining Camp |
| 35:07 | Create | Janissary |
| 35:07 | Create | Janissary |
| 35:13 | Create | Janissary |
| 35:13 | Create | Janissary |
| 35:14 | Create | Janissary |
| 35:14 | Create | Janissary |
| 36:13 | Create | Janissary |
| 36:13 | Create | Janissary |
| 36:57 | Create | Janissary |
| 36:57 | Create | Janissary |
| 37:40 | Create | Janissary |
| 37:40 | Create | Janissary |
| 39:01 | Create | Janissary |
| 39:01 | Create | Janissary |
Build order — Antony
First 150 of 475 actions detected
| 0:15 | Build | Town Center |
| 0:31 | Build | House |
| 1:45 | Build | Dock |
| 2:31 | Create | Villager (Male) |
| 2:32 | Create | Villager (Male) |
| 2:32 | Create | Villager (Male) |
| 2:49 | Create | Villager (Male) |
| 2:50 | Create | Villager (Male) |
| 3:36 | Create | Fishing Ship |
| 3:57 | Research | Loom |
| 4:07 | Build | House |
| 4:37 | Create | Fishing Ship |
| 4:43 | Create | Villager (Male) |
| 4:43 | Create | Villager (Male) |
| 5:08 | Create | Villager (Male) |
| 5:08 | Create | Villager (Male) |
| 5:30 | Create | Villager (Male) |
| 5:47 | Create | Fishing Ship |
| 5:48 | Create | Fishing Ship |
| 5:56 | Create | Villager (Male) |
| 5:56 | Create | Villager (Male) |
| 6:04 | Build | House |
| 6:11 | Create | Villager (Male) |
| 6:12 | Create | Villager (Male) |
| 6:34 | Create | Villager (Male) |
| 6:55 | Create | Fishing Ship |
| 7:01 | Build | House |
| 7:14 | Create | Villager (Male) |
| 7:14 | Create | Villager (Male) |
| 7:25 | Create | Villager (Male) |
| 7:45 | Create | Villager (Male) |
| 7:47 | Build | House |
| 7:50 | Create | Fishing Ship |
| 7:53 | Create | Villager (Male) |
| 8:14 | Create | Villager (Male) |
| 8:34 | Build | Mill |
| 8:44 | Create | Villager (Male) |
| 8:59 | Create | Villager (Male) |
| 9:10 | Create | Villager (Male) |
| 9:30 | Create | Villager (Male) |
| 9:44 | Build | Mining Camp |
| 9:55 | Create | Fishing Ship |
| 10:11 | Create | Villager (Male) |
| 10:43 | Research | Feudal Age |
| 10:43 | Research | Feudal Age |
| 11:30 | Build | House |
| 12:09 | Create | Fishing Ship |
| 12:35 | Create | Villager (Male) |
| 12:35 | Create | Villager (Male) |
| 13:09 | Age | Feudal Age |
| 13:10 | Build | Market |
| 13:12 | Build | Blacksmith |
| 13:53 | Build | Lumber Camp |
| 14:03 | Research | Castle Age |
| 14:03 | Research | Castle Age |
| 14:35 | Research | Double-Bit Axe |
| 14:40 | Build | House |
| 15:00 | Create | Villager (Male) |
| 15:32 | Build | Outpost |
| 15:35 | Build | Outpost |
| 15:39 | Build | Outpost |
| 15:42 | Build | Outpost |
| 15:44 | Build | Outpost |
| 15:50 | Build | Outpost |
| 15:55 | Research | Wheelbarrow |
| 16:28 | Create | Villager (Male) |
| 16:30 | Research | Wheelbarrow |
| 16:43 | Age | Castle Age |
| 16:45 | Create | Villager (Male) |
| 17:00 | Build | Town Center |
| 17:02 | Create | Villager (Male) |
| 17:07 | Research | Bow Saw |
| 17:15 | Research | Wheelbarrow |
| 17:16 | Create | Villager (Male) |
| 17:23 | Build | Monastery |
| 17:39 | Research | Town Watch |
| 17:40 | Create | Villager (Male) |
| 18:06 | Create | Villager (Male) |
| 18:08 | Create | Monk |
| 18:26 | Create | Villager (Male) |
| 18:32 | Build | Farm |
| 18:34 | Build | Farm |
| 18:49 | Create | Villager (Male) |
| 18:50 | Create | Villager (Male) |
| 18:50 | Create | Villager (Male) |
| 19:30 | Create | Villager (Male) |
| 19:38 | Build | Town Center |
| 19:40 | Create | Villager (Male) |
| 19:48 | Build | Barracks |
| 19:56 | Research | Hand Cart |
| 19:56 | Create | Villager (Male) |
| 20:22 | Create | Villager (Male) |
| 20:22 | Create | Villager (Male) |
| 20:40 | Create | Villager (Male) |
| 20:43 | Build | Farm |
| 20:45 | Build | Farm |
| 20:52 | Create | Villager (Male) |
| 21:01 | Build | Farm |
| 21:04 | Build | Farm |
| 21:06 | Build | House |
| 21:08 | Build | House |
| 21:09 | Build | House |
| 21:12 | Build | House |
| 21:20 | Create | Villager (Male) |
| 21:25 | Build | House |
| 21:31 | Create | Villager (Male) |
| 21:38 | Create | Villager (Male) |
| 21:46 | Build | Farm |
| 21:48 | Create | Villager (Male) |
| 21:54 | Build | Stable |
| 21:58 | Create | Villager (Male) |
| 22:05 | Build | Mill |
| 22:09 | Create | Villager (Male) |
| 22:20 | Create | Villager (Male) |
| 22:24 | Build | Lumber Camp |
| 22:30 | Build | Farm |
| 22:33 | Build | Farm |
| 22:33 | Create | Villager (Male) |
| 22:37 | Create | Villager (Male) |
| 22:37 | Create | Villager (Male) |
| 22:37 | Create | Villager (Male) |
| 22:40 | Research | Scale Barding Armor |
| 22:52 | Build | Farm |
| 22:53 | Create | Villager (Male) |
| 22:53 | Create | Villager (Male) |
| 22:59 | Create | Villager (Male) |
| 23:03 | Build | Stable |
| 23:06 | Research | Forging |
| 23:07 | Create | Villager (Male) |
| 23:13 | Research | Gold Mining |
| 23:23 | Build | Farm |
| 23:24 | Create | Villager (Male) |
| 23:26 | Create | Knight |
| 23:37 | Create | Villager (Male) |
| 23:55 | Create | Knight |
| 24:03 | Create | Knight |
| 24:05 | Build | House |
| 24:10 | Create | Villager (Male) |
| 24:14 | Create | Villager (Male) |
| 24:18 | Build | Farm |
| 24:19 | Build | Farm |
| 24:20 | Build | Farm |
| 24:23 | Build | Farm |
| 24:26 | Create | Villager (Male) |
| 24:27 | Create | Villager (Male) |
| 24:27 | Create | Villager (Male) |
| 24:32 | Build | Stable |
| 24:33 | Build | Stable |
| 24:37 | Research | Husbandry |
| 24:42 | Create | Villager (Male) |
Build order — Berbers Burgers
First 150 of 229 actions detected
| 0:23 | Build | Town Center |
| 0:45 | Build | Dock |
| 1:44 | Build | House |
| 2:41 | Create | Villager (Male) |
| 2:41 | Create | Villager (Male) |
| 2:42 | Create | Villager (Male) |
| 2:42 | Create | Villager (Male) |
| 2:42 | Create | Villager (Male) |
| 4:01 | Create | Fishing Ship |
| 4:01 | Create | Fishing Ship |
| 4:05 | Create | Villager (Male) |
| 4:05 | Create | Villager (Male) |
| 4:27 | Build | House |
| 5:05 | Create | Villager (Male) |
| 5:05 | Create | Villager (Male) |
| 5:34 | Create | Villager (Male) |
| 5:34 | Create | Villager (Male) |
| 5:34 | Create | Villager (Male) |
| 5:59 | Create | Villager (Male) |
| 6:00 | Create | Villager (Male) |
| 6:00 | Create | Villager (Male) |
| 6:23 | Create | Fishing Ship |
| 6:23 | Create | Fishing Ship |
| 6:28 | Create | Villager (Male) |
| 6:28 | Create | Villager (Male) |
| 7:06 | Build | House |
| 7:24 | Create | Villager (Male) |
| 7:54 | Create | Villager (Male) |
| 8:05 | Create | Fishing Ship |
| 8:05 | Create | Fishing Ship |
| 8:11 | Create | Villager (Male) |
| 8:28 | Create | Fishing Ship |
| 8:28 | Create | Fishing Ship |
| 8:52 | Build | House |
| 9:01 | Build | House |
| 9:10 | Research | Loom |
| 9:17 | Build | House |
| 9:31 | Create | Villager (Male) |
| 9:43 | Create | Villager (Male) |
| 10:03 | Create | Villager (Male) |
| 10:17 | Create | Villager (Male) |
| 10:27 | Create | Fishing Ship |
| 10:27 | Create | Fishing Ship |
| 10:37 | Create | Villager (Male) |
| 10:53 | Create | Villager (Male) |
| 10:58 | Create | Fishing Ship |
| 10:58 | Create | Fishing Ship |
| 11:01 | Build | House |
| 11:33 | Create | Villager (Male) |
| 11:55 | Build | Lumber Camp |
| 12:02 | Create | Villager (Male) |
| 12:19 | Research | Feudal Age |
| 12:26 | Build | Mill |
| 12:28 | Create | Villager (Male) |
| 12:38 | Create | Villager (Male) |
| 13:35 | Build | Mining Camp |
| 13:57 | Build | Mining Camp |
| 14:13 | Build | House |
| 14:25 | Build | Barracks |
| 14:36 | Age | Feudal Age |
| 14:39 | Create | Villager (Male) |
| 14:59 | Build | Archery Range |
| 15:09 | Build | Watch Tower |
| 15:12 | Create | Villager (Male) |
| 15:40 | Create | Archer |
| 15:40 | Create | Archer |
| 15:40 | Create | Archer |
| 15:41 | Create | Archer |
| 15:54 | Create | Villager (Male) |
| 16:17 | Build | Watch Tower |
| 16:23 | Create | Archer |
| 16:27 | Create | Villager (Male) |
| 16:40 | Create | Villager (Male) |
| 16:42 | Research | Double-Bit Axe |
| 16:42 | Research | Double-Bit Axe |
| 17:06 | Create | Archer |
| 17:06 | Create | Archer |
| 17:08 | Create | Villager (Male) |
| 17:43 | Build | Blacksmith |
| 17:59 | Create | Villager (Male) |
| 18:13 | Build | Watch Tower |
| 18:26 | Research | Fletching |
| 18:26 | Research | Fletching |
| 18:29 | Build | Lumber Camp |
| 18:36 | Research | Gold Mining |
| 18:54 | Build | Mining Camp |
| 19:30 | Create | Archer |
| 19:30 | Create | Archer |
| 19:30 | Create | Archer |
| 19:45 | Create | Villager (Male) |
| 19:45 | Create | Villager (Male) |
| 19:57 | Build | Market |
| 20:27 | Build | Farm |
| 20:27 | Build | Farm |
| 20:27 | Build | Farm |
| 20:28 | Build | Farm |
| 20:28 | Build | Farm |
| 21:02 | Build | Watch Tower |
| 21:16 | Create | Villager (Male) |
| 21:16 | Create | Villager (Male) |
| 21:16 | Create | Villager (Male) |
| 21:17 | Create | Villager (Male) |
| 21:53 | Create | Villager (Male) |
| 22:11 | Build | Watch Tower |
| 22:19 | Create | Archer |
| 22:20 | Create | Archer |
| 22:27 | Build | Archery Range |
| 22:47 | Build | House |
| 23:07 | Build | House |
| 23:44 | Build | Stone Wall |
| 23:45 | Build | Stone Wall |
| 24:15 | Create | Villager (Male) |
| 24:24 | Build | Farm |
| 24:25 | Build | Farm |
| 24:25 | Build | Farm |
| 24:25 | Build | Farm |
| 24:43 | Research | Castle Age |
| 25:03 | Build | Watch Tower |
| 25:40 | Build | Archery Range |
| 25:42 | Create | Villager (Male) |
| 25:43 | Create | Villager (Male) |
| 26:32 | Create | Villager (Male) |
| 26:44 | Build | Mining Camp |
| 27:01 | Create | Villager (Male) |
| 27:23 | Age | Castle Age |
| 27:30 | Build | Castle |
| 27:51 | Create | Villager (Male) |
| 27:58 | Create | Villager (Male) |
| 28:24 | Build | Lumber Camp |
| 28:35 | Create | Villager (Male) |
| 28:35 | Create | Villager (Male) |
| 29:07 | Build | Town Center |
| 29:11 | Create | Villager (Male) |
| 29:11 | Create | Villager (Male) |
| 30:30 | Create | Unit 1959 |
| 30:30 | Create | Unit 1959 |
| 30:30 | Create | Unit 1959 |
| 31:01 | Build | Town Center |
| 31:22 | Build | Stone Wall |
| 31:24 | Build | Stone Wall |
| 31:25 | Build | Stone Wall |
| 31:38 | Create | Villager (Male) |
| 31:39 | Create | Villager (Male) |
| 31:47 | Build | Farm |
| 31:47 | Build | Farm |
| 31:47 | Build | Farm |
| 31:48 | Build | Farm |
| 31:48 | Build | Farm |
| 31:48 | Build | Farm |
| 31:48 | Build | Farm |
Build order — CbaMaster6373
First 150 of 276 actions detected
| 0:11 | Build | Town Center |
| 0:34 | Build | Dock |
| 0:41 | Build | House |
| 2:30 | Create | Villager (Male) |
| 2:31 | Create | Villager (Male) |
| 2:41 | Create | Villager (Male) |
| 2:42 | Create | Villager (Male) |
| 3:49 | Create | Fishing Ship |
| 3:51 | Create | Villager (Male) |
| 4:26 | Build | House |
| 4:40 | Research | Loom |
| 4:46 | Create | Villager (Male) |
| 4:46 | Create | Villager (Male) |
| 5:10 | Create | Villager (Male) |
| 5:41 | Create | Villager (Male) |
| 5:41 | Create | Villager (Male) |
| 5:41 | Create | Villager (Male) |
| 6:04 | Create | Fishing Ship |
| 6:04 | Create | Fishing Ship |
| 6:08 | Build | House |
| 6:33 | Create | Villager (Male) |
| 6:58 | Create | Villager (Male) |
| 7:01 | Create | Fishing Ship |
| 7:06 | Build | House |
| 7:11 | Create | Villager (Male) |
| 7:43 | Create | Villager (Male) |
| 7:45 | Create | Fishing Ship |
| 8:22 | Create | Villager (Male) |
| 8:23 | Create | Villager (Male) |
| 8:42 | Create | Villager (Male) |
| 8:43 | Create | Villager (Male) |
| 8:44 | Create | Villager (Male) |
| 8:44 | Create | Villager (Male) |
| 8:58 | Create | Fishing Ship |
| 8:58 | Create | Fishing Ship |
| 9:03 | Create | Villager (Male) |
| 9:09 | Build | House |
| 9:46 | Build | Mill |
| 9:55 | Create | Villager (Male) |
| 10:24 | Build | House |
| 10:25 | Create | Fishing Ship |
| 10:46 | Create | Villager (Male) |
| 10:50 | Create | Villager (Male) |
| 11:16 | Build | Mining Camp |
| 11:35 | Create | Villager (Male) |
| 11:48 | Build | House |
| 11:51 | Create | Fishing Ship |
| 11:58 | Research | Feudal Age |
| 12:05 | Build | Mining Camp |
| 12:25 | Build | Lumber Camp |
| 12:34 | Create | Villager (Male) |
| 14:23 | Build | Farm |
| 14:24 | Build | Farm |
| 14:27 | Build | Farm |
| 14:31 | Build | Market |
| 14:33 | Create | Villager (Male) |
| 14:36 | Create | Villager (Male) |
| 14:41 | Build | Blacksmith |
| 14:46 | Build | Farm |
| 14:54 | Build | Farm |
| 15:34 | Create | Villager (Male) |
| 15:39 | Build | Farm |
| 15:41 | Build | Farm |
| 15:49 | Build | Farm |
| 15:56 | Create | Villager (Male) |
| 16:00 | Build | Farm |
| 16:50 | Research | Castle Age |
| 17:32 | Build | Barracks |
| 17:53 | Build | Watch Tower |
| 18:01 | Create | Villager (Male) |
| 18:21 | Build | Stable |
| 18:33 | Research | Double-Bit Axe |
| 19:12 | Research | Scale Barding Armor |
| 19:31 | Research | Bow Saw |
| 19:33 | Create | Villager (Male) |
| 19:37 | Create | Knight |
| 19:50 | Build | Farm |
| 19:51 | Build | Farm |
| 19:55 | Build | Farm |
| 19:57 | Build | Farm |
| 19:59 | Create | Villager (Male) |
| 20:05 | Create | Knight |
| 20:06 | Create | Knight |
| 20:08 | Build | House |
| 20:09 | Build | House |
| 20:30 | Build | Farm |
| 20:30 | Create | Villager (Male) |
| 20:43 | Create | Knight |
| 20:54 | Build | Farm |
| 20:58 | Build | Farm |
| 21:03 | Create | Villager (Male) |
| 21:14 | Create | Villager (Male) |
| 21:21 | Build | Stone Wall |
| 21:24 | Build | Stone Wall |
| 21:43 | Create | Knight |
| 21:44 | Create | Knight |
| 21:44 | Create | Knight |
| 22:07 | Build | Mining Camp |
| 22:17 | Build | Stable |
| 22:25 | Create | Villager (Male) |
| 22:25 | Create | Villager (Male) |
| 22:37 | Create | Villager (Male) |
| 22:51 | Build | Lumber Camp |
| 23:06 | Create | Knight |
| 23:06 | Create | Knight |
| 23:06 | Create | Knight |
| 23:07 | Create | Knight |
| 23:31 | Create | Villager (Male) |
| 23:46 | Create | Knight |
| 23:47 | Create | Knight |
| 24:04 | Create | Villager (Male) |
| 24:15 | Build | Siege Workshop |
| 24:27 | Create | Villager (Male) |
| 24:29 | Create | Knight |
| 24:29 | Create | Knight |
| 24:56 | Build | Farm |
| 24:57 | Build | Farm |
| 24:58 | Build | Farm |
| 25:08 | Create | Knight |
| 25:17 | Create | Villager (Male) |
| 25:27 | Create | Scorpion |
| 25:27 | Create | Scorpion |
| 25:41 | Create | Villager (Male) |
| 25:44 | Create | Knight |
| 26:09 | Create | Villager (Male) |
| 26:24 | Create | Scorpion |
| 26:28 | Build | Farm |
| 26:31 | Build | Farm |
| 26:35 | Build | Stone Wall |
| 26:40 | Build | Farm |
| 26:43 | Build | House |
| 26:45 | Build | House |
| 26:53 | Create | Knight |
| 26:54 | Create | Villager (Male) |
| 27:13 | Create | Villager (Male) |
| 27:16 | Create | Scorpion |
| 27:21 | Build | Farm |
| 27:26 | Build | Mill |
| 27:29 | Build | Farm |
| 27:30 | Build | Farm |
| 27:31 | Build | Farm |
| 27:36 | Create | Knight |
| 27:50 | Build | Farm |
| 27:52 | Build | Farm |
| 27:55 | Build | Farm |
| 27:57 | Create | Villager (Male) |
| 28:04 | Create | Villager (Male) |
| 28:11 | Create | Battering Ram |
| 28:11 | Create | Battering Ram |
| 28:34 | Create | Villager (Male) |
Build order — diabolical materialism
First 150 of 283 actions detected
| 0:11 | Build | Town Center |
| 1:07 | Build | Town Center |
| 3:22 | Create | Villager (Male) |
| 3:23 | Create | Villager (Male) |
| 3:36 | Build | Dock |
| 3:46 | Build | Dock |
| 3:55 | Create | Villager (Male) |
| 4:05 | Build | House |
| 4:15 | Research | Loom |
| 4:23 | Create | Villager (Male) |
| 4:51 | Create | Fishing Ship |
| 5:00 | Create | Villager (Male) |
| 5:01 | Create | Villager (Male) |
| 5:32 | Build | House |
| 6:12 | Create | Villager (Male) |
| 6:32 | Create | Fishing Ship |
| 6:33 | Create | Fishing Ship |
| 6:36 | Create | Villager (Male) |
| 6:36 | Create | Villager (Male) |
| 7:01 | Create | Villager (Male) |
| 7:44 | Create | Villager (Male) |
| 7:45 | Create | Villager (Male) |
| 7:53 | Build | House |
| 7:57 | Create | Fishing Ship |
| 8:12 | Create | Villager (Male) |
| 8:12 | Create | Villager (Male) |
| 8:21 | Build | House |
| 8:28 | Build | House |
| 8:33 | Create | Villager (Male) |
| 8:33 | Create | Villager (Male) |
| 8:48 | Create | Fishing Ship |
| 8:48 | Create | Fishing Ship |
| 9:08 | Create | Villager (Male) |
| 9:17 | Create | Fishing Ship |
| 9:37 | Create | Villager (Male) |
| 9:46 | Build | House |
| 9:53 | Build | House |
| 9:58 | Create | Villager (Male) |
| 10:03 | Create | Fishing Ship |
| 10:18 | Create | Villager (Male) |
| 10:44 | Create | Villager (Male) |
| 11:07 | Build | Mining Camp |
| 11:12 | Create | Villager (Male) |
| 12:06 | Research | Feudal Age |
| 12:06 | Research | Feudal Age |
| 12:25 | Build | House |
| 12:27 | Create | Fishing Ship |
| 12:37 | Build | Dock |
| 13:04 | Create | Villager (Male) |
| 14:16 | Age | Feudal Age |
| 14:20 | Create | Fire Galley |
| 14:23 | Create | Villager (Male) |
| 14:31 | Build | Lumber Camp |
| 14:41 | Build | Mill |
| 14:43 | Create | Villager (Male) |
| 14:56 | Create | Villager (Male) |
| 14:58 | Create | Fishing Ship |
| 15:04 | Create | Fire Galley |
| 15:06 | Build | House |
| 15:09 | Create | Fire Galley |
| 15:10 | Create | Fire Galley |
| 15:17 | Create | Villager (Male) |
| 15:19 | Research | Double-Bit Axe |
| 15:36 | Create | Villager (Male) |
| 15:46 | Build | Outpost |
| 15:56 | Build | Outpost |
| 16:27 | Create | Fire Galley |
| 16:29 | Create | Villager (Male) |
| 16:31 | Create | Fire Galley |
| 16:46 | Build | House |
| 16:54 | Create | Villager (Male) |
| 16:56 | Create | Fire Galley |
| 17:23 | Create | Fire Galley |
| 17:23 | Create | Fire Galley |
| 17:26 | Create | Villager (Male) |
| 18:10 | Create | Villager (Male) |
| 18:41 | Create | Villager (Male) |
| 18:44 | Create | Villager (Male) |
| 18:50 | Build | Blacksmith |
| 19:05 | Create | Villager (Male) |
| 19:25 | Build | Market |
| 19:27 | Create | Villager (Male) |
| 19:42 | Create | Villager (Male) |
| 20:13 | Build | House |
| 20:14 | Build | House |
| 20:33 | Research | Castle Age |
| 20:37 | Research | Fletching |
| 20:37 | Research | Scale Barding Armor |
| 20:43 | Research | Horse Collar |
| 20:45 | Create | Villager (Male) |
| 20:57 | Build | Barracks |
| 21:01 | Build | House |
| 21:07 | Build | Outpost |
| 21:12 | Research | Town Watch |
| 21:52 | Build | Outpost |
| 21:59 | Build | Outpost |
| 22:08 | Build | Mining Camp |
| 22:14 | Research | Padded Archer Armor |
| 22:26 | Build | Archery Range |
| 22:52 | Create | Villager (Male) |
| 23:11 | Build | Archery Range |
| 23:13 | Age | Castle Age |
| 23:42 | Create | Villager (Male) |
| 23:45 | Research | Bow Saw |
| 23:47 | Research | Heavy Plow |
| 23:51 | Research | Crossbowman (upgrade) |
| 23:52 | Research | Bodkin Arrow |
| 24:02 | Create | Villager (Male) |
| 24:23 | Build | Dock |
| 24:27 | Build | Farm |
| 24:31 | Build | Farm |
| 24:34 | Create | Archer |
| 24:34 | Create | Archer |
| 24:35 | Create | Archer |
| 24:35 | Create | Archer |
| 24:36 | Create | Villager (Male) |
| 24:52 | Create | Villager (Male) |
| 25:17 | Create | Archer |
| 25:17 | Create | Archer |
| 25:18 | Create | Villager (Male) |
| 25:21 | Build | Farm |
| 25:30 | Build | Farm |
| 25:40 | Create | Archer |
| 25:40 | Create | Archer |
| 25:43 | Build | Monastery |
| 25:49 | Build | Farm |
| 25:53 | Create | Villager (Male) |
| 26:07 | Create | Archer |
| 26:07 | Create | Archer |
| 26:08 | Create | Villager (Male) |
| 26:12 | Build | Mining Camp |
| 26:44 | Build | House |
| 26:45 | Create | Monk |
| 26:47 | Create | Archer |
| 26:47 | Create | Archer |
| 26:52 | Build | House |
| 26:55 | Build | Stone Wall |
| 26:58 | Build | House |
| 27:03 | Build | Stone Wall |
| 27:19 | Create | Archer |
| 27:19 | Create | Archer |
| 27:20 | Create | Villager (Male) |
| 27:22 | Create | Monk |
| 27:25 | Build | House |
| 27:40 | Create | Archer |
| 27:40 | Create | Archer |
| 27:40 | Create | Archer |
| 27:46 | Create | Archer |
| 27:46 | Create | Archer |
| 27:54 | Create | Archer |
Build order — MinorCloud9519
First 150 of 260 actions detected
| 0:23 | Build | House |
| 0:54 | Build | Town Center |
| 1:33 | Build | Dock |
| 2:59 | Create | Villager (Male) |
| 2:59 | Create | Villager (Male) |
| 3:00 | Create | Villager (Male) |
| 3:00 | Create | Villager (Male) |
| 3:58 | Create | Fishing Ship |
| 4:16 | Create | Villager (Male) |
| 4:17 | Create | Villager (Male) |
| 4:35 | Build | House |
| 5:11 | Research | Loom |
| 5:20 | Create | Villager (Male) |
| 5:52 | Create | Fishing Ship |
| 5:55 | Create | Villager (Male) |
| 5:56 | Create | Villager (Male) |
| 6:20 | Create | Villager (Male) |
| 6:20 | Create | Villager (Male) |
| 6:20 | Create | Villager (Male) |
| 6:26 | Create | Villager (Male) |
| 6:41 | Build | House |
| 6:53 | Create | Villager (Male) |
| 7:07 | Create | Villager (Male) |
| 7:10 | Create | Fishing Ship |
| 7:44 | Create | Villager (Male) |
| 8:03 | Create | Villager (Male) |
| 8:07 | Build | House |
| 8:10 | Create | Fishing Ship |
| 8:53 | Create | Villager (Male) |
| 8:54 | Create | Fishing Ship |
| 8:58 | Build | House |
| 9:20 | Create | Villager (Male) |
| 9:31 | Create | Villager (Male) |
| 9:36 | Create | Fishing Ship |
| 10:05 | Build | Lumber Camp |
| 10:10 | Create | Villager (Male) |
| 10:32 | Create | Villager (Male) |
| 11:07 | Research | Feudal Age |
| 11:22 | Build | Mill |
| 11:30 | Build | House |
| 11:44 | Create | Fishing Ship |
| 12:24 | Build | Mining Camp |
| 13:06 | Create | Villager (Male) |
| 13:07 | Create | Villager (Male) |
| 13:13 | Build | Mining Camp |
| 13:39 | Build | House |
| 13:50 | Build | Market |
| 14:01 | Build | Blacksmith |
| 14:07 | Build | Market |
| 14:25 | Create | Villager (Male) |
| 14:28 | Create | Fishing Ship |
| 15:15 | Research | Castle Age |
| 16:14 | Build | Palisade Wall |
| 16:18 | Build | Palisade Wall |
| 17:07 | Build | Mill |
| 17:45 | Research | Fletching |
| 18:45 | Build | Castle |
| 19:46 | Build | Lumber Camp |
| 21:46 | Build | Town Center |
| 22:26 | Research | Double-Bit Axe |
| 22:26 | Research | Double-Bit Axe |
| 22:38 | Create | Villager (Male) |
| 22:38 | Create | Villager (Male) |
| 22:38 | Create | Villager (Male) |
| 22:55 | Create | Villager (Male) |
| 24:02 | Build | Town Center |
| 24:13 | Create | Villager (Male) |
| 24:41 | Create | Villager (Male) |
| 25:03 | Create | Villager (Male) |
| 25:03 | Create | Villager (Male) |
| 25:13 | Create | Plumed Archer |
| 25:13 | Create | Plumed Archer |
| 25:19 | Create | Villager (Male) |
| 25:28 | Create | Villager (Male) |
| 25:29 | Create | Villager (Male) |
| 25:52 | Build | Town Center |
| 25:58 | Create | Villager (Male) |
| 25:58 | Create | Villager (Male) |
| 26:17 | Create | Plumed Archer |
| 26:17 | Create | Plumed Archer |
| 26:31 | Create | Villager (Male) |
| 26:31 | Create | Villager (Male) |
| 26:48 | Create | Villager (Male) |
| 26:49 | Create | Villager (Male) |
| 26:53 | Build | Farm |
| 27:03 | Build | Farm |
| 27:03 | Build | Farm |
| 27:03 | Build | Farm |
| 27:03 | Build | Farm |
| 27:05 | Build | Farm |
| 27:39 | Build | Farm |
| 27:52 | Research | Horse Collar |
| 27:52 | Research | Horse Collar |
| 27:56 | Create | Plumed Archer |
| 27:57 | Create | Plumed Archer |
| 27:57 | Create | Plumed Archer |
| 28:09 | Create | Villager (Male) |
| 28:18 | Create | Villager (Male) |
| 28:18 | Create | Villager (Male) |
| 28:25 | Create | Plumed Archer |
| 28:25 | Create | Plumed Archer |
| 28:27 | Create | Villager (Male) |
| 28:51 | Create | Villager (Male) |
| 28:52 | Create | Villager (Male) |
| 28:52 | Create | Villager (Male) |
| 28:54 | Create | Villager (Male) |
| 29:04 | Create | Villager (Male) |
| 29:05 | Create | Villager (Male) |
| 29:09 | Create | Plumed Archer |
| 29:09 | Create | Plumed Archer |
| 29:19 | Create | Plumed Archer |
| 29:20 | Create | Villager (Male) |
| 29:22 | Build | Siege Workshop |
| 29:28 | Create | Villager (Male) |
| 29:30 | Create | Villager (Male) |
| 29:39 | Create | Plumed Archer |
| 29:44 | Create | Villager (Male) |
| 29:46 | Build | Farm |
| 29:56 | Create | Villager (Male) |
| 29:59 | Create | Plumed Archer |
| 29:59 | Create | Plumed Archer |
| 30:09 | Create | Villager (Male) |
| 30:23 | Build | Blacksmith |
| 30:32 | Create | Plumed Archer |
| 30:33 | Create | Plumed Archer |
| 30:34 | Create | Villager (Male) |
| 30:34 | Create | Villager (Male) |
| 30:35 | Create | Villager (Male) |
| 30:54 | Research | Bow Saw |
| 30:58 | Create | Villager (Male) |
| 30:58 | Create | Villager (Male) |
| 31:00 | Create | Plumed Archer |
| 31:00 | Create | Plumed Archer |
| 31:08 | Research | Padded Archer Armor |
| 31:13 | Create | Villager (Male) |
| 31:13 | Create | Villager (Male) |
| 31:31 | Build | Lumber Camp |
| 31:33 | Create | Plumed Archer |
| 31:50 | Build | House |
| 31:51 | Build | House |
| 31:51 | Build | House |
| 31:52 | Build | House |
| 31:53 | Build | House |
| 31:54 | Build | House |
| 31:54 | Build | House |
| 31:55 | Build | House |
| 31:55 | Build | House |
| 32:01 | Research | Bodkin Arrow |
| 32:29 | Build | Farm |
| 32:32 | Build | Farm |
Build order — holas pegolas may
First 150 of 490 actions detected
| 0:07 | Build | Town Center |
| 0:48 | Build | Dock |
| 0:53 | Build | House |
| 2:28 | Create | Villager (Male) |
| 2:28 | Create | Villager (Male) |
| 2:28 | Create | Villager (Male) |
| 2:29 | Create | Villager (Male) |
| 3:32 | Create | Fishing Ship |
| 3:52 | Create | Villager (Male) |
| 3:53 | Create | Villager (Male) |
| 4:20 | Build | House |
| 4:22 | Research | Loom |
| 4:56 | Create | Villager (Male) |
| 4:57 | Create | Villager (Male) |
| 5:01 | Create | Fishing Ship |
| 5:02 | Create | Fishing Ship |
| 5:24 | Create | Villager (Male) |
| 5:24 | Create | Villager (Male) |
| 5:42 | Create | Villager (Male) |
| 5:43 | Create | Villager (Male) |
| 5:46 | Create | Fishing Ship |
| 5:51 | Build | House |
| 6:09 | Create | Villager (Male) |
| 6:09 | Create | Villager (Male) |
| 6:26 | Create | Villager (Male) |
| 6:27 | Create | Villager (Male) |
| 6:40 | Create | Fishing Ship |
| 6:40 | Create | Fishing Ship |
| 6:46 | Create | Villager (Male) |
| 6:46 | Create | Villager (Male) |
| 7:03 | Create | Villager (Male) |
| 7:03 | Create | Villager (Male) |
| 7:04 | Create | Villager (Male) |
| 7:07 | Build | House |
| 7:22 | Create | Villager (Male) |
| 7:22 | Create | Villager (Male) |
| 7:43 | Create | Villager (Male) |
| 7:48 | Create | Fishing Ship |
| 7:56 | Build | House |
| 7:57 | Create | Villager (Male) |
| 8:09 | Create | Villager (Male) |
| 8:17 | Create | Villager (Male) |
| 8:22 | Create | Villager (Male) |
| 8:39 | Build | Lumber Camp |
| 8:42 | Create | Villager (Male) |
| 9:03 | Create | Villager (Male) |
| 9:33 | Create | Fishing Ship |
| 9:42 | Research | Feudal Age |
| 9:42 | Research | Feudal Age |
| 10:15 | Build | Mining Camp |
| 10:44 | Build | Dock |
| 10:48 | Build | House |
| 11:52 | Age | Feudal Age |
| 11:55 | Create | Unit 2626 |
| 11:55 | Create | Unit 2626 |
| 11:56 | Create | Villager (Male) |
| 11:57 | Research | Double-Bit Axe |
| 12:06 | Create | Villager (Male) |
| 12:30 | Create | Villager (Male) |
| 12:41 | Build | Mill |
| 12:47 | Create | Unit 2626 |
| 12:47 | Create | Unit 2626 |
| 12:48 | Create | Villager (Male) |
| 13:15 | Create | Villager (Male) |
| 13:22 | Build | House |
| 13:48 | Create | Unit 2626 |
| 13:48 | Create | Unit 2626 |
| 13:52 | Create | Villager (Male) |
| 13:58 | Build | House |
| 14:04 | Create | Unit 2626 |
| 14:05 | Create | Unit 2626 |
| 14:07 | Create | Villager (Male) |
| 14:50 | Create | Unit 2626 |
| 14:50 | Create | Unit 2626 |
| 14:52 | Create | Villager (Male) |
| 14:58 | Create | Villager (Male) |
| 15:01 | Build | Market |
| 15:36 | Create | Villager (Male) |
| 15:45 | Build | Blacksmith |
| 15:48 | Research | Town Watch |
| 16:10 | Build | Lumber Camp |
| 16:32 | Research | Castle Age |
| 16:33 | Research | Castle Age |
| 16:36 | Build | House |
| 17:03 | Research | Horse Collar |
| 17:10 | Create | Unit 2626 |
| 17:11 | Create | Unit 2626 |
| 17:20 | Build | Mill |
| 18:20 | Build | Dock |
| 18:22 | Research | Tech 906 |
| 18:22 | Research | Tech 906 |
| 18:38 | Create | Unit 2626 |
| 18:39 | Create | Unit 2626 |
| 19:12 | Age | Castle Age |
| 19:17 | Build | Town Center |
| 19:20 | Research | Bow Saw |
| 19:26 | Create | Villager (Male) |
| 19:41 | Create | Villager (Male) |
| 19:45 | Create | Villager (Male) |
| 19:54 | Build | House |
| 20:07 | Build | Town Center |
| 20:15 | Research | Wheelbarrow |
| 20:15 | Research | Wheelbarrow |
| 20:20 | Build | House |
| 20:22 | Build | House |
| 20:23 | Create | Villager (Male) |
| 20:29 | Create | Fishing Ship |
| 20:38 | Create | Villager (Male) |
| 20:39 | Create | Villager (Male) |
| 20:45 | Create | Villager (Male) |
| 20:45 | Create | Villager (Male) |
| 20:52 | Create | Villager (Male) |
| 20:57 | Research | War Galley (upgrade) |
| 21:07 | Create | Villager (Male) |
| 21:08 | Create | Villager (Male) |
| 21:13 | Create | Villager (Male) |
| 21:14 | Create | Villager (Male) |
| 21:20 | Create | Villager (Male) |
| 21:20 | Create | Villager (Male) |
| 21:26 | Create | Fishing Ship |
| 21:29 | Create | Fishing Ship |
| 21:36 | Research | Gillnets |
| 21:36 | Research | Gillnets |
| 21:37 | Create | Villager (Male) |
| 21:38 | Create | Villager (Male) |
| 21:43 | Research | Heavy Plow |
| 21:43 | Research | Heavy Plow |
| 21:46 | Build | Farm |
| 21:50 | Create | Villager (Male) |
| 22:01 | Build | Farm |
| 22:03 | Build | Farm |
| 22:07 | Build | Farm |
| 22:08 | Create | Villager (Male) |
| 22:10 | Build | Farm |
| 22:10 | Build | Farm |
| 22:12 | Create | Villager (Male) |
| 22:12 | Create | Villager (Male) |
| 22:20 | Create | Villager (Male) |
| 22:20 | Create | Villager (Male) |
| 22:23 | Build | Farm |
| 22:24 | Build | Farm |
| 22:30 | Build | Farm |
| 22:40 | Create | Fishing Ship |
| 22:42 | Create | Fishing Ship |
| 22:43 | Create | Fishing Ship |
| 22:53 | Create | Villager (Male) |
| 23:01 | Build | Farm |
| 23:04 | Build | Farm |
| 23:05 | Create | Villager (Male) |
| 23:09 | Create | Villager (Male) |
Build order — VNS__Pan
First 150 of 408 actions detected
| 0:18 | Build | Town Center |
| 0:38 | Build | House |
| 0:47 | Build | Dock |
| 2:35 | Create | Villager (Male) |
| 2:35 | Create | Villager (Male) |
| 2:35 | Create | Villager (Male) |
| 2:36 | Create | Villager (Male) |
| 2:36 | Create | Villager (Male) |
| 3:40 | Create | Fishing Ship |
| 3:41 | Create | Fishing Ship |
| 3:42 | Create | Villager (Male) |
| 3:42 | Create | Villager (Male) |
| 3:43 | Create | Villager (Male) |
| 4:39 | Create | Villager (Male) |
| 4:39 | Create | Villager (Male) |
| 4:39 | Create | Villager (Male) |
| 5:02 | Create | Villager (Male) |
| 5:03 | Create | Villager (Male) |
| 5:03 | Create | Villager (Male) |
| 5:16 | Create | Villager (Male) |
| 5:17 | Create | Villager (Male) |
| 5:17 | Create | Villager (Male) |
| 5:19 | Create | Fishing Ship |
| 5:19 | Create | Fishing Ship |
| 5:19 | Create | Fishing Ship |
| 5:42 | Build | House |
| 5:55 | Create | Villager (Male) |
| 5:55 | Create | Villager (Male) |
| 5:56 | Create | Villager (Male) |
| 6:11 | Create | Villager (Male) |
| 6:11 | Create | Villager (Male) |
| 6:11 | Create | Villager (Male) |
| 6:20 | Create | Fishing Ship |
| 6:21 | Create | Fishing Ship |
| 6:21 | Create | Fishing Ship |
| 6:34 | Create | Villager (Male) |
| 6:34 | Create | Villager (Male) |
| 6:34 | Create | Villager (Male) |
| 6:46 | Create | Villager (Male) |
| 6:46 | Create | Villager (Male) |
| 6:50 | Create | Fishing Ship |
| 6:50 | Create | Fishing Ship |
| 7:16 | Create | Villager (Male) |
| 7:22 | Research | Loom |
| 7:25 | Create | Villager (Male) |
| 7:25 | Create | Villager (Male) |
| 7:25 | Create | Villager (Male) |
| 7:34 | Create | Fishing Ship |
| 7:56 | Create | Fishing Ship |
| 8:03 | Create | Villager (Male) |
| 8:03 | Create | Villager (Male) |
| 8:15 | Create | Villager (Male) |
| 8:16 | Create | Villager (Male) |
| 8:28 | Create | Fishing Ship |
| 8:38 | Build | House |
| 9:32 | Build | Settlement |
| 9:39 | Create | Villager (Male) |
| 9:50 | Create | Fishing Ship |
| 10:06 | Research | Feudal Age |
| 10:06 | Research | Feudal Age |
| 10:58 | Build | Settlement |
| 11:41 | Build | Dock |
| 11:56 | Create | Villager (Male) |
| 11:56 | Create | Villager (Male) |
| 11:56 | Create | Villager (Male) |
| 12:16 | Age | Feudal Age |
| 12:20 | Research | Double-Bit Axe |
| 12:20 | Research | Double-Bit Axe |
| 12:23 | Create | Unit 2626 |
| 12:23 | Create | Unit 2626 |
| 12:27 | Create | Villager (Male) |
| 12:46 | Create | Villager (Male) |
| 12:59 | Create | Unit 2626 |
| 13:07 | Create | Unit 2626 |
| 13:07 | Create | Unit 2626 |
| 13:21 | Create | Villager (Male) |
| 13:49 | Build | Blacksmith |
| 14:39 | Create | Villager (Male) |
| 14:45 | Build | Market |
| 15:23 | Create | Fire Galley |
| 15:41 | Research | Castle Age |
| 15:41 | Research | Castle Age |
| 15:55 | Build | Dock |
| 16:05 | Research | Tech 906 |
| 16:05 | Research | Tech 906 |
| 16:05 | Research | Tech 906 |
| 16:47 | Create | Unit 2626 ×3 |
| 17:15 | Research | Horse Collar |
| 17:15 | Research | Horse Collar |
| 17:19 | Research | Gold Mining |
| 17:20 | Research | Gold Mining |
| 18:21 | Age | Castle Age |
| 18:26 | Research | War Galley (upgrade) |
| 18:26 | Research | War Galley (upgrade) |
| 18:28 | Create | Villager (Male) |
| 18:28 | Create | Villager (Male) |
| 18:36 | Build | Town Center |
| 18:39 | Create | Villager (Male) |
| 19:36 | Create | Villager (Male) |
| 19:37 | Create | Villager (Male) |
| 19:37 | Create | Villager (Male) |
| 19:55 | Build | Town Center |
| 20:11 | Build | Dock |
| 20:17 | Research | Gillnets |
| 20:17 | Research | Gillnets |
| 20:26 | Create | Fishing Ship |
| 20:26 | Create | Fishing Ship |
| 20:37 | Create | Villager (Male) |
| 20:38 | Create | Villager (Male) |
| 20:41 | Create | Villager (Male) |
| 20:41 | Create | Villager (Male) |
| 20:49 | Create | Villager (Male) |
| 20:49 | Create | Villager (Male) |
| 20:52 | Research | Bow Saw |
| 20:52 | Research | Bow Saw |
| 21:24 | Create | Villager (Male) |
| 21:24 | Create | Villager (Male) |
| 21:51 | Create | Fishing Ship |
| 21:51 | Create | Fishing Ship |
| 21:51 | Create | Fishing Ship |
| 21:57 | Create | Villager (Male) |
| 22:02 | Build | Siege Workshop |
| 22:03 | Create | Villager (Male) |
| 22:04 | Create | Villager (Male) |
| 22:12 | Create | Villager (Male) |
| 22:12 | Create | Villager (Male) |
| 22:23 | Create | Villager (Male) |
| 22:32 | Create | Unit 2626 ×5 |
| 22:38 | Create | Villager (Male) |
| 22:42 | Create | Mangonel |
| 22:43 | Create | Mangonel |
| 22:47 | Build | House |
| 22:48 | Build | House |
| 22:57 | Create | Villager (Male) |
| 23:13 | Build | Palisade Gate |
| 23:48 | Build | House |
| 23:53 | Create | Mangonel |
| 23:53 | Create | Mangonel |
| 24:02 | Build | Farm |
| 24:03 | Build | Farm |
| 24:09 | Build | House |
| 24:17 | Build | Farm |
| 24:18 | Build | Farm |
| 24:20 | Build | Farm |
| 24:20 | Build | Farm |
| 24:23 | Create | Villager (Male) |
| 24:24 | Create | Villager (Male) |
| 24:31 | Build | Farm |
| 24:34 | Build | Farm |
| 24:35 | Create | Villager (Male) |
Match timeline
| 0:34 | CbaMaster6373 · first_building Dock |
| 0:34 | M57 · first_building Dock |
| 0:45 | Berbers Burgers · first_building Dock |
| 0:47 | VNS__Pan · first_building Dock |
| 0:48 | holas pegolas may · first_building Dock |
| 1:33 | MinorCloud9519 · first_building Dock |
| 1:45 | Antony · first_building Dock |
| 3:36 | diabolical materialism · first_building Dock |
| 11:52 | holas pegolas may · age_up feudal |
| 12:16 | VNS__Pan · age_up feudal |
| 13:09 | Antony · age_up feudal |
| 13:29 | M57 · age_up feudal |
| 14:16 | diabolical materialism · age_up feudal |
| 14:25 | Berbers Burgers · first_building Barracks |
| 14:36 | Berbers Burgers · age_up feudal |
| 14:59 | Berbers Burgers · first_building Archery Range |
| 15:13 | MinorCloud9519 · first_market_sell 100 wood |
| 16:14 | MinorCloud9519 · wall_segment Palisade Wall x1 |
| 16:18 | MinorCloud9519 · wall_segment Palisade Wall x1 |
| 16:19 | CbaMaster6373 · first_market_buy 100 food |
| 16:20 | CbaMaster6373 · first_market_sell 100 wood |
| 16:43 | Antony · age_up castle |
| 17:03 | M57 · first_market_sell 100 food |
| 17:05 | M57 · first_market_buy 100 stone |
| 17:23 | Antony · first_building Monastery |
| 17:27 | M57 · age_up castle |
| 17:30 | M57 · first_building Castle |
| 17:32 | CbaMaster6373 · first_building Barracks |
| 18:06 | MinorCloud9519 · first_market_buy 100 stone |
| 18:21 | CbaMaster6373 · first_building Stable |
| 18:21 | VNS__Pan · age_up castle |
| 18:45 | MinorCloud9519 · first_building Castle |
| 19:12 | holas pegolas may · age_up castle |
| 19:20 | holas pegolas may · first_market_buy 100 wood |
| 19:48 | Antony · first_building Barracks |
| 20:57 | diabolical materialism · first_building Barracks |
| 21:16 | Berbers Burgers · first_market_buy 100 food |
| 21:21 | CbaMaster6373 · wall_segment Stone Wall x10 |
| 21:24 | CbaMaster6373 · wall_segment Stone Wall x10 |
| 21:54 | Antony · first_building Stable |
| 22:01 | Berbers Burgers · first_market_sell 100 stone |
| 22:02 | VNS__Pan · first_building Siege Workshop |
| 22:26 | diabolical materialism · first_building Archery Range |
| 23:13 | diabolical materialism · age_up castle |
| 23:44 | Berbers Burgers · wall_segment Stone Wall x1 |
| 23:45 | Berbers Burgers · wall_segment Stone Wall x1 |
| 24:15 | CbaMaster6373 · first_building Siege Workshop |
| 25:39 | holas pegolas may · first_building Barracks |
| 25:43 | diabolical materialism · first_building Monastery |
| 25:43 | holas pegolas may · first_market_sell 100 food |
| 26:25 | holas pegolas may · first_building Monastery |
| 26:35 | CbaMaster6373 · wall_segment Stone Wall x9 |
| 26:55 | diabolical materialism · wall_segment Stone Wall x1 |
| 26:57 | VNS__Pan · first_building Barracks |
| 27:03 | diabolical materialism · wall_segment Stone Wall x3 |
| 27:23 | Berbers Burgers · age_up castle |
| 27:30 | Berbers Burgers · first_building Castle |
| 28:02 | Antony · first_building Castle |
| 28:04 | holas pegolas may · first_building Archery Range |
| 28:21 | Antony · first_building Siege Workshop |
| 28:51 | diabolical materialism · first_building Castle |
| 28:57 | holas pegolas may · first_building Castle |
| 28:57 | CbaMaster6373 · wall_segment Stone Wall x13 |
| 29:00 | CbaMaster6373 · wall_segment Stone Wall x8 |
| 29:11 | VNS__Pan · first_building Castle |
| 29:22 | MinorCloud9519 · first_building Siege Workshop |
| 29:56 | holas pegolas may · first_building Stable |
| 30:17 | VNS__Pan · first_market_sell 100 food |
| 30:42 | Antony · first_market_sell 100 food |
| 31:02 | diabolical materialism · wall_segment Stone Wall x3 |
| 31:07 | holas pegolas may · age_up imperial |
| 31:22 | diabolical materialism · wall_segment Stone Wall x1 |
| 31:22 | Berbers Burgers · wall_segment Stone Wall x1 |
| 31:24 | Berbers Burgers · wall_segment Stone Wall x1 |
| 31:25 | Berbers Burgers · wall_segment Stone Wall x1 |
| 31:48 | holas pegolas may · first_building Siege Workshop |
| 32:43 | MinorCloud9519 · first_building Monastery |
| 33:35 | VNS__Pan · age_up imperial |
| 33:38 | Berbers Burgers · first_building Siege Workshop |
| 33:53 | Antony · age_up imperial |
| 34:51 | CbaMaster6373 · wall_segment Stone Wall x14 |
| 35:56 | diabolical materialism · wall_segment Stone Wall x4 |
| 36:04 | VNS__Pan · first_market_buy 100 food |
| 36:05 | CbaMaster6373 · wall_segment Palisade Wall x1 |
| 36:10 | CbaMaster6373 · wall_segment Palisade Wall x1 |
| 37:00 | diabolical materialism · first_market_sell 100 wood |
| 41:11 | diabolical materialism · age_up imperial |
| 41:22 | VNS__Pan · first_building Archery Range |
| 43:42 | holas pegolas may · resign |
[ AI ANALYSIS · 1 CREDIT ]
What really happened in this match?
Wolo.gg analyzes every decision: build order, eco, micro, common mistakes by bracket. Personalized analysis on WhatsApp or Discord in 30 seconds.
Civ guide
Turks
Perfil
Jugador #347217